AoeStats
← Lord Juan II

QS Arena

503540802Analyzed
3v3 RM · 1mo ago on Sep 1, 2026· 9m 48s· 6 players
Game mode
Random Map
Map size
Normal (6 player)
Population
200
Speed
Normal
Resources
Standard
Victory
Conquest
Starting age
Dark Age
Ending age
Imperial Age
RankedLock teamsTeams togetherTeam positionsShared explorationLock speedFull tech treeHidden civsTurbo modeCheats
Victory
Defeat
🇲🇽 Sicilians · Mexico
1359
+11
🇲🇽 Franks · Mexico
1326
+12
🇲🇽 Italians · Mexico
1146
+20
🇨🇳 Persians · China
1282
-16
🇺🇸 Italians · United States
1246
-15
🇹🇭 Byzantines · Thailand
1178
-12
It'sNotDeliveryIt'sDonjon-os
7:55 Feudal Age
11:58 Castle Age
9:56 Double-Bit Axe
Lord Juan II
7:55 Feudal Age
ROCK
8:07 Feudal Age
11:55 Castle Age
[CRX] Cristero
9:25 Feudal Age
[GDL] SEVONENKO
6:47 Loom
8:54 Feudal Age
8:20 Loom
[CRX] Darius
6:51 Feudal Age
8:24 Horse Collar
8:31 Double-Bit Axe
Connection lost

Rejoining the realm…

Still unreachable

The connection could not be restored.

Session expired

The server has moved on; the page needs a fresh start.